 Dungeon Crawl Stone Soup version 0.20-b1-24-gb21faa7 (webtiles) character file.

47 Ulluses the Ruffian (level 3, -2/37 HPs)
             Began as a Troll Berserker on May 25, 2017.
             Was a Believer of Trog.
             Slain by Sigmund
             ... wielding a +3 scythe
              (6 damage)
             ... on level 3 of the Dungeon.
             The game lasted 00:07:21 (1580 turns).

Ulluses the Ruffian (Troll Berserker)               Turns: 1580, Time: 00:07:22

Health: -2/37      AC:  5    Str: 26    XL:     3   Next: 48%
Magic:  2/2        EV: 10    Int:  3    God:    Trog [**....]
Gold:   65         SH:  0    Dex:  9    Spells: 2/2 levels left

rFire    . . .     SeeInvis .     - Unarmed
rCold    . . .     Gourm    +   (no shield)
rNeg     . . .     Faith    .   a - +0 animal skin
rPois    .         Spirit   .   (helmet restricted)
rElec    .         Reflect  .   (no cloak)
rCorr    .         Harm     .   (gloves unavailable)
MR       .....                  (boots unavailable)
Stlth    +.........             (no amulet)
Regen    0.6/turn               (no ring)
MPRegen  0.1/turn               (no ring)

@: no status effects
A: unfitting armour, claws 3, fast metabolism 3, gourmand, regeneration 1,
shaggy fur 1, tough skin 2
a: Berserk, Trog's Hand, Burn Spellbooks, Renounce Religion


You were on level 3 of the Dungeon.
You worshipped Trog.
Trog was pleased with you.
You were not hungry.

You visited 1 branch of the dungeon, and saw 3 of its levels.

You collected 65 gold pieces.

Inventory:

Hand Weapons
 d - a cursed +0 club
 f - a +0 club
 g - a +0 mace
 i - a +0 club
 j - a +0 dagger
 l - a +0 mace
 n - a +0 short sword
Armour
 a - a +0 animal skin (worn)
 q - a +0 ring mail
 r - a +1 pair of gloves of strength
Scrolls
 c - a scroll of identify {unknown}
 e - 2 scrolls of teleportation {unknown}
 s - a scroll of blinking {unknown}
Potions
 h - 2 potions of curing {unknown}
 k - 2 potions of lignification {unknown}
 m - 2 potions of agility {unknown}
 o - a potion of cancellation {unknown}
Comestibles
 b - a bread ration
 p - 3 chunks of flesh


   Skills:
 + Level 3.0 Fighting
 + Level 2.8 Dodging
 + Level 3.6 Unarmed Combat


You had 2 spell levels left.
You didn't know any spells.

Dungeon Overview and Level Annotations

Branches:
Dungeon (3/15)

Altars:

Annotations:
D:3 Sigmund


Innate Abilities, Weirdness & Mutations

You are too large for most types of armour.
You have claws for hands.
Your metabolism is lightning-fast.
You like to eat raw meat.
Your natural rate of healing is unusually fast.
You are covered in fur. (AC +1)
You have very tough skin. (AC +2)


Message History

The leopard gecko bites you.
* * * LOW HITPOINT WARNING * * *
The adder closely misses you.
There is an escape hatch in the floor, spattered with blood here.
Sigmund mumbles some strange words.
Sigmund flickers and vanishes!
Deactivating autopickup; reactivate with Ctrl-A.
The adder bites you but does no damage.
You scratch the adder.
The adder is moderately wounded.
The adder bites you but does no damage.
You barely miss the adder.
The adder is moderately wounded.
The adder barely misses you.
You scratch the adder but do no damage.
The adder is moderately wounded.
The adder bites you.
* * * LOW HITPOINT WARNING * * *
Something hits you.
You die...

#.#.# #.#.# #.#.#
###.#.#
##+####...#.####
#...............
#...>.......####
####...........#...
+.@Sl.####.#+#.#.##
####### #.# #.# #?#
#.# ... #.# ..# #.#
.#


You could see an adder and a leopard gecko.

Vanquished Creatures
  An adder (D:2)
  An ooze (D:1)
  2 dart slugs
  3 leopard geckos
  A giant cockroach (D:1)
  2 goblins
  5 hobgoblins
  3 kobolds
  2 bats
  2 frilled lizards
  5 rats
27 creatures vanquished.

Notes
Turn   | Place    | Note
-------+----------+-------------------------------------------
     0 | D:1      | Ulluses the Troll Berserker began the quest for the Orb.
     0 | D:1      | Reached XP level 1. HP: 22/22 MP: 0/0
   361 | D:1      | Reached XP level 2. HP: 29/29 MP: 1/1
  1350 | D:2      | Reached XP level 3. HP: 28/36 MP: 2/2
  1488 | D:2      | Reached ** piety under Trog
  1556 | D:3      | Noticed Sigmund
  1572 | D:3      | HP: 1/37 [leopard gecko (5)]
  1580 | D:3      | Slain by Sigmund

Skill      XL: |  1  2  3 |
---------------+----------+-----
Fighting       | 3 |  3.0
Dodging        | |  2.8
Unarmed Combat | |  3.6

Action                   || total
-------------------------++-------
Melee: Unarmed           ||    64
  Eat: Chunk             ||     7
       Bread ration      ||     1
Armor: Animal skin       ||    44
Dodge: Dodged            ||    46
